 Dungeon Crawl Stone Soup version 0.30.0-3-ga4e48a9924 (webtiles) character file.

Game seed: 14794515180146013220

5 zazu2006 the Magician (level 1, -1/15 HPs)
             Began as a Naga Hedge Wizard on May 7, 2023.
             Slain by a hobgoblin (3 damage)
             ... on level 1 of the Dungeon.
             The game lasted 00:00:31 (259 turns).

zazu2006 the Magician (Naga Hedge Wizard)            Turns: 259, Time: 00:00:31

Health: -1/15      AC:  2    Str: 12    XL:     1   Next: 80%
Magic:  0/4        EV:  9    Int: 16    God:
Gold:   29         SH:  0    Dex: 10    Spells: 5/6 levels left

rFire   . . .        a - +0 dagger
rCold   . . .        (no shield)
rNeg    + . .        f - +1 leather armour of a bazaar {rN+ Int+2}
rPois   +            c - +0 hat
rElec   .            (no cloak)
rCorr   .            (no gloves)
SInv    +            (no barding)
Will    .....        (no amulet)
Stlth   ++           (no ring)
HPRegen 0.22/turn    (no ring)
MPRegen 0.09/turn

%: no passive effects
@: very slow
A: AC +0, large, see invisible, deformed body, poison resistance, slowness 2,
spit poison 1, naga tail 1
a: Spit Poison


You were on level 1 of the Dungeon.
You visited 1 branch of the dungeon, and saw 1 of its levels.

You collected 29 gold pieces.

Inventory:

Hand Weapons
 a - a +0 dagger (weapon)
Armour
 b - a +0 robe
 c - a +0 hat (worn)
 f - the +1 leather armour of a bazaar (worn) {rN+ Int+2}
   (You found it on level 1 of the Dungeon)

   Int:       It affects your intelligence (+2).
   rN:        It protects you from negative energy.
Potions
 d - a potion of magic
 e - a potion of resistance {unknown}


   Skills:
 + Level 1.5 Dodging
 + Level 3.1 Stealth
 + Level 3.2 Spellcasting
 + Level 1.0 Conjurations
 + Level 1.0 Summonings
 + Level 1.0 Translocations


You had 5 spell levels left.
You knew the following spells:

 Your Spells              Type           Power      Damage    Failure   Level
a - Magic Dart            Conj           20%        1d4       16%         1

Your spell library contained the following spells:

 Spells                   Type           Power      Damage    Failure   Level
 Slow                     Hex            8%         N/A       24%         1
 Blink                    Tloc           10%        N/A       24%         2
 Call Imp                 Summ           10%        N/A       24%         2
 Lesser Beckoning         Tloc           10%        N/A       24%         2
 Momentum Strike          Conj/Tloc      10%        3d8       24%         2
 Cigotuvi's Dreadful Rot  Necr/Pois/Air  4%         N/A       34%         2
 Gell's Gravitas          Tloc           5%         N/A       43%         3
 Teleport Other           Tloc           5%         N/A       43%         3
 Mephitic Cloud           Conj/Pois/Air  3%         N/A       52%         3
 Dispersal                Tloc           2%         N/A       100%        6


Dungeon Overview and Level Annotations

Branches:
Dungeon (1/15)

Altars:


Innate Abilities, Weirdness & Mutations

Your serpentine skin is tough. (AC +0)
You have supernaturally acute eyesight. (SInv)
Armour fits poorly on your strangely shaped body.
Your system is resistant to poisons. (rPois)
You cover ground very slowly.
You can spit poison.
You have a snake-like lower body.


Message History

Unknown command.
Found a whip.
A ball python comes into view. x2
The hobgoblin attacks as you move away! The hobgoblin hits you.
There is an open door here.
The ball python hisses angrily.
The hobgoblin hits you.
Aiming: Spit Poison (3% risk of failure)
Press: ? - help, Shift-Dir - straight line, f/p - hobgoblin
Aim: a hobgoblin (moderately wounded, 53% to hit)
The splash of poison misses the hobgoblin.
The ball python hisses angrily.
The hobgoblin hits you.
You hear an angry hiss.
You barely miss the hobgoblin.
A ball python comes into view.
The hobgoblin hits you but does no damage.
You hit the hobgoblin but do no damage.
You have got your breath back.
The hobgoblin hits you.
Casting: Magic Dart (safe; 16% risk of failure)
Confirm with . or Enter, or press ? or * to list all spells.
Aiming: Magic Dart (safe; 16% risk of failure)
Press: ? - help, Shift-Dir - straight line, f/p - hobgoblin
Aim: a hobgoblin (100% to hit)
The magic dart hits the hobgoblin.
The hobgoblin is severely wounded.
The hobgoblin closely misses you.
Unknown command.
You hit the hobgoblin but do no damage.
The hobgoblin is severely wounded.
The hobgoblin hits you.
You hit the hobgoblin but do no damage.
The hobgoblin is severely wounded.
The hobgoblin hits you.
* * * LOW HITPOINT WARNING * * *
You hit the hobgoblin but do no damage.
The hobgoblin is severely wounded.
The hobgoblin hits you.
You die...

............###.
................
#........†...).
#..............
###..............
....$........#
......SSS....#
....##g##...# ..
##8@8##..#
##.....##.#
##8.....8###
##.........##
#8.........8#
+...........+
#8.........8#
##.........## ...
##8.....8##......


You could see a hobgoblin and 3 ball pythons.

Vanquished Creatures
  An endoplasm (D:1)
  A goblin (D:1)
  A hobgoblin (D:1)
  A bat (D:1)
  A rat (D:1)
5 creatures vanquished.

Notes
Turn   | Place    | Note
-------+----------+-------------------------------------------
     0 | D:1      | zazu2006 the Naga Hedge Wizard began the quest for the Orb.
     0 | D:1      | Reached XP level 1. HP: 15/15 MP: 4/4
   223 | D:1      | Identified the +1 leather armour of a bazaar {rN+ Int+2}
   259 | D:1      | Slain by a hobgoblin

Illustrated notes

Levels and vault maps discovered:
D:1:      minmay_arrival_four_houses, layout_basic, dk_noncrumbling_4,
          kennysheep_doodads

Action                     || total
---------------------------++-------
  Melee: Dagger            ||     8
   Cast: Magic Dart        ||    13
Ability: Spit Poison       ||     2
 Armour: Leather armour    ||     1
  Dodge: Dodged            ||     3
